 Dungeon Sprint DCSS version 0.29-a0-870-g2c972031a6 (webtiles) character file.

Game seed: 10761813116814211168

898 mhtbhm the Protected (level 8, -1/56 HPs)
             Began as a Gargoyle Fighter on July 17, 2022.
             Was a Believer of Okawaru.
             Slain by a boulder beetle (18 damage)
             ... in the Dungeon (Sprint IX: "|||||||||||||||||||||||||||||").
             The game lasted 00:01:47 (659 turns).

mhtbhm the Protected (Gargoyle Fighter)              Turns: 659, Time: 00:01:47

Health: -1/56      AC: 28    Str: 26    XL:     8   Next: 7%
Magic:  8/8        EV:  9    Int: 11    God:    Okawaru [**....]
Gold:   0          SH:  5    Dex:  9    Spells: 7/7 levels left

rFire   . . .      SeeInvis .   a - +2 morningstar (protect)
rCold   . . .      Faith    .   c - +0 buckler
rNeg    + . .      Spirit   .   b - +1 chain mail
rPois   ∞          Reflect  .   (no helmet)
rElec   +          Harm     .   m - +0 cloak
rCorr   .          Rampage  .   n - +0 pair of gloves
Will    .....      NoTele   +   (no boots)
Stlth   ..........              (no amulet)
HPRegen 0.18/turn               o - +3 ring of intelligence
MPRegen 0.11/turn               p - +3 ring of strength

@: mighty, under a protective aura, hasted, invisible, very quick
A: sickness immunity, AC +5, negative energy resistance 1, electricity
resistance, torment resistance 1, petrification resistance
a: Renounce Religion, Heroism


You were in the Dungeon.
You worshipped Okawaru.
Okawaru was pleased with you.
You visited 1 branch

Inventory:

Hand Weapons
 a - a +2 morningstar of protection (weapon)
Missiles
 q - 5 poisoned darts (quivered)
Armour
 b - a +1 chain mail (worn)
 c - a +0 buckler (worn)
 m - a +0 cloak (worn)
 n - a +0 pair of gloves (worn)
Jewellery
 o - a +3 ring of intelligence (left hand)
 p - a +3 ring of strength (right hand)
Scrolls
 j - 2 scrolls of amnesia
Potions
 h - 4 potions of magic
 i - 3 potions of curing


   Skills:
 + Level 9.3 Fighting
 + Level 9.3 Maces & Flails
 + Level 10.9 Armour
 + Level 1.6 Dodging
 + Level 8.5 Shields
 + Level 1.6 Evocations


You had 7 spell levels left.
You didn't know any spells.
Your spell library was empty.

Dungeon Overview and Level Annotations

Branches:
Dungeon (1/1)

Altars:
Cheibriados
Dithmenos
Elyvilon
Fedhas
Gozag
Hepliaklqana
Kikubaaqudgha
Makhleb
Nemelex Xobeh
Okawaru
Qazlal
Ru
Sif Muna
Trog
Uskayaw
Vehumet
Wu Jian
Xom
Yredelemnul
Zin
The Shining One
Jiyva
Lugonu


Innate Abilities, Weirdness & Mutations

You are immune to sickness and miasma.
Your stone body is resilient. (AC +5)
You are immune to poison.
You resist negative energy. (rN+)
You are resistant to electric shocks. (rElec)
You are resistant to unholy torment.
You are immune to petrification.


Message History

You hit the boulder beetle but do no damage.
The boulder beetle is moderately wounded.
The centaur warrior hits you but does no damage.
The centaur warrior kicks you but does no damage.
Unknown command.
Okay, then.
Okay, then.
Blink to where?
Press: ? - help, Dir - move target, p - boulder beetle
As you read the scroll of blinking, it crumbles to dust.
Aiming: Corrosive Bolt
Press: ? - help, Shift-Dir - straight line, f - boulder beetle
Aim: a boulder beetle (translocational energy, moderately wounded, unable to see you, covered in acid, 100% to hit)
The bolt of acid hits the boulder beetle!
The boulder beetle seems to be corroded for longer.
The boulder beetle is moderately wounded.
Unknown command.
Aiming: Corrosive Bolt
Press: ? - help, Shift-Dir - straight line, f/p - boulder beetle
Aim: a boulder beetle (translocational energy, moderately wounded, unable to see you, covered in acid, 100% to hit)
The bolt of acid hits the boulder beetle!
The boulder beetle seems to be corroded for longer.
The boulder beetle is heavily wounded.
The now-empty wand crumbles to dust.
Unknown command.
You aren't carrying any items that you can evoke.
Things that are here:
a +0 short sword; a +0 mace; a kobold corpse The centaur warrior wields a +0 shortbow.
The centaur warrior shoots an arrow.
The arrow hits the boulder beetle!
Things that are here:
a +0 shortbow; a centaur corpse You hit the boulder beetle.
The boulder beetle is severely wounded.
You block the boulder beetle's attack.
The centaur warrior shoots an arrow.
The arrow hits the boulder beetle.
You puncture the boulder beetle!
The boulder beetle is almost dead.
The boulder beetle bites you!!
You die... ▓▓▓▓▓▓▓▓▓▓▓▓▓▓▓▓▓▓▓▓▓▓▓▓▓▓▓ ..C.CCBc.B@)))...[..)..'___ ▓▓▓▓▓▓▓▓▓▓▓▓▓▓▓▓▓▓▓▓▓▓▓▓▓▓▓

You could see 2 boulder beetles, a centaur warrior (unable to see you, corroded) and 2 cyclopes.

Vanquished Creatures
  A gargoyle (D)
  A troll (D)
  An orc warrior (D)
  A centaur (D)
  A kobold brigand (D)
  4 iguanas (D)
  An orc wizard (D)
  An orc (D)
  A ball python (D)
  A giant cockroach (D)
  A hobgoblin (D)
  2 kobolds (D)
16 creatures vanquished.

Notes
Turn   | Place    | Note
-------+----------+-------------------------------------------
     0 | D        | mhtbhm the Gargoyle Fighter began the quest for the Orb.
     0 | D        | Reached XP level 1. HP: 14/14 MP: 1/1
    15 | D        | Reached skill level 4 in Armour
    82 | D        | Noticed an iguana
    82 | D        | Noticed an iguana
    82 | D        | Noticed an iguana
    82 | D        | Noticed an iguana
    89 | D        | Killed an iguana
    90 | D        | Reached XP level 2. HP: 16/20 MP: 2/2
    90 | D        | Reached XP level 3. HP: 19/24 MP: 3/3
   273 | D        | Reached skill level 5 in Fighting
   273 | D        | Reached skill level 5 in Armour
   273 | D        | Reached skill level 5 in Shields
   273 | D        | Reached XP level 4. HP: 29/31 MP: 4/4
   286 | D        | Reached skill level 6 in Armour
   295 | D        | Found a snail-covered altar of Cheibriados.
   295 | D        | Found a shadowy altar of Dithmenos.
   295 | D        | Found a white marble altar of Elyvilon.
   295 | D        | Found a blossoming altar of Fedhas.
   295 | D        | Found an opulent altar of Gozag.
   296 | D        | Found a hazy altar of Hepliaklqana.
   297 | D        | Found a viscous altar of Jiyva.
   298 | D        | Found an ancient bone altar of Kikubaaqudgha.
   299 | D        | Found a corrupted altar of Lugonu.
   300 | D        | Found a burning altar of Makhleb.
   301 | D        | Found a sparkling altar of Nemelex Xobeh.
   302 | D        | Found an iron altar of Okawaru.
   303 | D        | Found a stormy altar of Qazlal.
   304 | D        | Found a sacrificial altar of Ru.
   305 | D        | Found a shimmering blue altar of Sif Muna.
   306 | D        | Found a bloodstained altar of Trog.
   307 | D        | Found a hide-covered altar of Uskayaw.
   308 | D        | Found a radiant altar of Vehumet.
   309 | D        | Found an ornate altar of the Wu Jian Council.
   310 | D        | Became a worshipper of Warmaster Okawaru
   311 | D        | Found a shimmering altar of Xom.
   312 | D        | Found a basalt altar of Yredelemnul.
   313 | D        | Found a glowing silver altar of Zin.
   314 | D        | Found a glowing golden altar of the Shining One.
   523 | D        | Noticed a troll
   523 | D        | Noticed a kobold brigand
   523 | D        | Noticed a centaur
   523 | D        | Noticed a gargoyle
   523 | D        | Noticed an orc warrior
   527 | D        | Killed a centaur
   528 | D        | Reached skill level 7 in Armour
   528 | D        | Reached XP level 5. HP: 27/37 MP: 5/5
   530 | D        | Killed an orc warrior
   530 | D        | Reached * piety under Okawaru
   531 | D        | Reached skill level 8 in Armour
   531 | D        | Reached skill level 1 in Dodging
   531 | D        | Reached XP level 6. HP: 32/44 MP: 6/6
   532 | D        | Killed a gargoyle
   532 | D        | Reached ** piety under Okawaru
   533 | D        | Reached skill level 10 in Armour
   533 | D        | Reached skill level 1 in Evocations
   533 | D        | Reached XP level 7. HP: 37/50 MP: 7/7
   540 | D        | Killed a troll
   541 | D        | Reached XP level 8. HP: 40/56 MP: 8/8
   634 | D        | Noticed a cyclops
   634 | D        | Noticed a boulder beetle
   634 | D        | Noticed a cyclops
   634 | D        | Noticed a cyclops
   634 | D        | Noticed a boulder beetle
   634 | D        | Noticed a centaur warrior
   659 | D        | Slain by a boulder beetle

Illustrated notes

Levels and vault maps discovered:
D:        linesprint [early_d, line_temple, items_1, d_10, items_2, lair_1,
          lair_end, items_3, orc_1, orc_end, items_4, d_15, swamp_1, shoals_1,
          snake_1, spider_1, d_20, vaults_1, items_5, swamp_end, shoals_end,
          snake_end, spider_end, vaults_end, d_27, items_6, zot_1, zot_end,
          crypt_end, forest_end, elf_end, slime_end, tomb_end, abyss_end,
          pan_hell_end]

Skill      XL: |  1  2  3  4  5  6  7 |
---------------+----------------------+-----
Armour         | 4 5 7 8 10 | 10.9
Fighting       | 4 5 6 7 8 9 |  9.3
Maces & Flails | 3 6 7 8 9 |  9.3
Shields        | 4 5 6 7 8 |  8.5
Dodging        | 1 |  1.6
Evocations     | 1 |  1.6

Action                   |  1- 3 |  4- 6 |  7- 9 || total
-------------------------+-------+-------+-------++-------
Melee: Flail             |    33 |    12 |       ||    45
       Morningstar       |       |     3 |    18 ||    21
Evoke: Wand              |       |     3 |     7 ||    10
  Use: Potion            |     2 |     2 |     5 ||     9
       Scroll            |     1 |       |     1 ||     2
Armor: Scale mail        |     7 |     3 |       ||    10
       Chain mail        |       |     2 |    26 ||    28
Dodge: Dodged            |    18 |     4 |    20 ||    42
Block: Buckler           |     5 |     4 |    11 ||    20

Table legend: (Time is in decaauts)
 A = Elapsed time spent in this place.
 B = Non-inter-level travel time spent in this place.
 C = Inter-level travel time spent in this place.
 D = Time resting spent in this place.
 E = Time spent auto-exploring this place.
 F = Levels seen in this place.
 G = Mean time per level.
                   A        B        C        D        E       F      G
               +--------+--------+--------+--------+--------+-----+--------+
         Total |    670 |    670 |      0 |    469 |      4 |   1 |  670.0 |
       Dungeon |    670 |    670 |      0 |    469 |      4 |   1 |  670.0 |
               +--------+--------+--------+--------+--------+-----+--------+

Top non-repeatable levels by time:
       D: 670 daAuts
